 Dungeon Crawl Stone Soup version 0.28.0-53-g5a82cb258f (webtiles) character file.

Game seed: 17167795592820422531

956 Stomo the Skirmisher (level 7, -8/64 HPs)
             Began as a Green Draconian Monk on July 13, 2022.
             Killed by divine providence
             ... invoked by an orc priest
              (12 damage)
             ... on level 5 of the Dungeon.
             The game lasted 00:06:10 (5239 turns).

Stomo the Skirmisher (Green Draconian Monk)         Turns: 5239, Time: 00:06:11

Health: -8/64      AC:  9    Str: 14 (16) XL:     7   Next: 91%
Magic:  7/7        EV: 13    Int:  8 (10) God:
Gold:   201        SH:  0    Dex: 10 (13) Spells: 6/6 levels left

rFire   . . .      SeeInvis .   a - +0 mace
rCold   . . .      Faith    .   (no shield)
rNeg    . . .      Spirit   .   (armour unavailable)
rPois   +          Reflect  .   (helmet restricted)
rElec   .          Harm     .   (no cloak)
rCorr   .          Rampage  .   h - +2 pair of gloves
Will    .....                   (no boots)
Stlth   ++........              (no amulet)
HPRegen 0.20/turn               d - ring of poison resistance
MPRegen 0.10/turn               (no ring)

@: mighty, short of breath, hasted, very quick
A: breathe noxious fumes, AC +6, unfitting armour, poison resistance,
cold-blooded
a: Breathe Noxious Fumes


You were on level 5 of the Dungeon.
You visited 1 branch of the dungeon, and saw 5 of its levels.

You collected 201 gold pieces.

Inventory:

Hand Weapons
 a - a +0 mace (weapon)
 e - a +0 whip
Armour
 b - a +0 pair of gloves
 h - a +2 pair of gloves (worn)
Jewellery
 d - a ring of poison resistance (left hand)
Wands
 g - a wand of charming (2)
Scrolls
 j - a scroll of enchant armour
 k - a scroll of teleportation {unknown}
 m - a scroll of fog
 n - a scroll of vulnerability {unknown}
Potions
 f - a potion of might
 l - a potion of degeneration


   Skills:
 + Level 6.6 Fighting
 + Level 6.0 Maces & Flails
 + Level 5.4 Dodging
 - Level 1.7 Stealth


You had 6 spell levels left.
You didn't know any spells.
Your spell library contained the following spells:

 Spells                   Type           Power      Damage    Failure   Level
 Summon Ice Beast         Ice/Summ       0%         N/A       99%         4
 Summon Mana Viper        Hex/Summ       0%         N/A       100%        5
 Monstrous Menagerie      Summ           0%         N/A       100%        7


Dungeon Overview and Level Annotations

Branches:
Dungeon (5/15)
 Temple: D:4-7

Altars:


Innate Abilities, Weirdness & Mutations

You can breathe blasts of noxious fumes.
Your lurid green scales are hard. (AC +6)
You cannot fit into any form of body armour.
Your system is resistant to poisons. (rPois)
You are cold-blooded and may be slowed by cold attacks.


Message History

The wraith hits you.
* * * LOW HITPOINT WARNING * * *
Something barely misses the wraith.
It was a potion of haste.
You feel yourself speed up.
The orc priest seems less confused.
The wraith misses you.
Something closely misses the wraith.
Okay, then.
You closely miss the wraith.
The wraith is moderately damaged.
The wraith misses you.
You sock the wraith!
The wraith is almost destroyed.
Something misses the wraith.
The wraith hits you but does no damage.
You sock the wraith!
You destroy the wraith!
You feel your strength returning.
Your Maces & Flails skill increases to level 6!
Unknown command.
Unknown command.
You sock something!
Reactivating autopickup.
You feel a bit more experienced. Something hits you but does no damage.
Deactivating autopickup; reactivate with Ctrl-A.
The orc priest looks satisfied for a moment.
Things that are here:
a +0 dagger; a +0 robe You hit something.
You tail-slap something! You hit something.
Something hits you but does no damage.
Unknown command.
You miss something. Something hits you but does no damage.
The orc priest mumbles some strange prayers to Beogh against you.
Beogh smites you!
* * * LOW HITPOINT WARNING * * *
Blink to where?
Press: ? - help, Dir - move target
As you read the scroll of blinking, it crumbles to dust.
The orc priest invokes the aid of Beogh against you.
Beogh smites you!
You die...

######### #.......#
#.......########
###########..............######
+.....ยง{o.'..............'.....
###########...@..........#.####
#..)..#####.......#.# #.###.#
#.......#.# # #.# #.......#.#
#.# #########.# #.#
##########.#### ...
............... #.#
..######....... #.......


You could see an orc priest.

Vanquished Creatures
  A wraith (D:5)
  A water moccasin (D:5)
  An ogre (D:3)
  2 scorpions (D:5)
  A howler monkey (D:4)
  2 centaur zombies (D:5)
  A bullfrog zombie (D:5)
  2 hounds
  A bullfrog skeleton (D:4)
  3 orc wizards
  12 adders
  A howler monkey skeleton (D:4)
  An adder skeleton (D:4)
  3 worms
  7 orcs
  7 ball pythons
  3 endoplasms
  3 giant cockroaches
  7 goblins
  7 hobgoblins (D:1)
  10 jackals
  12 kobolds
  5 quokkas
  6 bats
  3 frilled lizards
  4 rats
106 creatures vanquished.

Notes
Turn   | Place    | Note
-------+----------+-------------------------------------------
     0 | D:1      | Stomo the Draconian Monk began the quest for the Orb.
     0 | D:1      | Reached XP level 1. HP: 19/19 MP: 1/1
   499 | D:1      | Reached XP level 2. HP: 26/26 MP: 2/2
  1092 | D:1      | Reached XP level 3. HP: 28/33 MP: 3/3
  1934 | D:2      | Reached XP level 4. HP: 34/40 MP: 4/4
  1989 | D:2      | You fall into a shaft and drop 1 floor!
  2876 | D:3      | Reached XP level 5. HP: 33/47 MP: 5/5
  3719 | D:4      | Noticed an ogre
  3722 | D:4      | HP: 2/47 [adder (3)]
  3957 | D:3      | Killed an ogre
  3958 | D:3      | Reached skill level 5 in Fighting
  3958 | D:3      | Reached XP level 6. HP: 56/56 MP: 6/6
  4283 | D:4      | Reached skill level 5 in Maces & Flails
  4671 | D:5      | Entered Level 5 of the Dungeon
  4775 | D:5      | Your scales start taking on a lurid green colour.
  4775 | D:5      | Reached XP level 7. HP: 59/62 MP: 7/7
  4775 | D:5      | Gained mutation: Your system is resistant to poisons.
                  | (rPois) [Green Draconian growth]
  5071 | D:5      | Reached skill level 5 in Dodging
  5208 | D:5      | Noticed a wraith
  5232 | D:5      | Killed a wraith
  5239 | D:5      | Killed from afar by an orc priest

Illustrated notes

Levels and vault maps discovered:
D:1:      pf_arrival_petrified_forest, layout_loops_ring, minmay_tiny_reverse_x
D:2:      layout_loops_ring
D:3:      layout_basic
D:4:      layout_basic
D:5:      layout_basic, serial_corexii_hall, corexii_hall_statues_i,
          corexii_hall_statues_u, uniq_pikel

Skill      XL: |  1  2  3  4  5  6  7 |
---------------+----------------------+-----
Dodging        | 3 4 5 |  5.4
Fighting       | 4 5 6 |  6.6
Maces & Flails | 4 5 6 |  6.0
Stealth        | |  1.7

Action                   |  1- 3 |  4- 6 |  7- 9 || total
-------------------------+-------+-------+-------++-------
Melee: Mace              |   154 |   212 |    58 ||   424
       Tailslap          |    18 |    32 |    13 ||    63
       Punch             |     2 |     2 |     2 ||     6
 Abil: Breathe Noxious F |       |       |     2 ||     2
  Use: Scroll            |     3 |     2 |     1 ||     6
       Potion            |       |     1 |     3 ||     4
 Stab: Sleeping          |     7 |     2 |       ||     9
Armor: Skin              |    45 |   102 |    41 ||   188
Dodge: Dodged            |   112 |   181 |    61 ||   354
